 Dungeon Crawl Stone Soup version 0.20.1-1-g8b1a95d (webtiles) character file.

618 Cecky the Magician (level 7, -2/36 HPs)
             Began as a Deep Elf Conjurer on Oct 14, 2017.
             Slain by a gnoll
             ... wielding a +0 whip
              (4 damage)
             ... on level 4 of the Dungeon.
             The game lasted 00:15:45 (4208 turns).

Cecky the Magician (Deep Elf Conjurer)              Turns: 4208, Time: 00:15:45

Health: -2/36      AC:  5    Str: 10    XL:     7   Next: 21%
Magic:  3/19       EV: 14    Int: 22    God:
Gold:   142        SH:  0    Dex: 15    Spells: 8/20 levels left

rFire    . . .     SeeInvis .   i - +1 dagger (venom)
rCold    . . .     Gourm    .   (no shield)
rNeg     . . .     Faith    .   a - +0 robe
rPois    .         Spirit   .   (no helmet)
rElec    .         Reflect  .   o - +0 cloak
rCorr    .         Harm     .   s - +0 pair of gloves
MR       .....                  p - +0 pair of boots (curse)
Stlth    ++........             (no amulet)
Regen    0.2/turn               (no ring)
MPRegen  0.2/turn               (no ring)

@: mighty, very slightly contaminated
A: no striking features
a: no special abilities


You were on level 4 of the Dungeon.
You were not hungry.

You visited 1 branch of the dungeon, and saw 4 of its levels.

You collected 142 gold pieces.

Inventory:

Hand Weapons
 i - a +1 dagger of venom (weapon)
Armour
 a - a +0 robe (worn)
 o - a +0 cloak (worn)
 p - a cursed +0 pair of boots (worn)
 s - a +0 pair of gloves (worn)
Magical Staves
 y - an uncursed staff of earth
Wands
 r - a wand of disintegration (24/24)
Scrolls
 f - a scroll of identify
 h - 4 scrolls of remove curse {unknown}
 k - a scroll of magic mapping {unknown}
 n - a scroll of enchant armour {unknown}
 t - a scroll of amnesia
Potions
 e - a potion of magic {unknown}
 j - a potion of curing
 l - a potion of invisibility {unknown}
 q - a potion of cancellation {unknown}
 w - a potion of mutation {unknown}
Books
 b - a book of Conjurations

   Spells                             Type                      Level
   a - Magic Dart                     Conjuration                  1
   b - Searing Ray                    Conjuration                  2
   c - Dazzling Spray                 Conjuration/Hexes            3
   d - Fulminant Prism                Conjuration/Hexes            4
   e - Force Lance                    Conjuration/Translocation    4
   f - Iskenderun's Mystic Blast      Conjuration                  4
Comestibles
 c - 3 bread rations
 m - 2 royal jellies
 v - a meat ration


   Skills:
 + Level 3.4 Dodging
 - Level 2.6 Stealth
 - Level 7.2 Spellcasting
 - Level 7.0 Conjurations
 * Level 2.9 Hexes


You had 8 spell levels left.
You knew the following spells:

 Your Spells              Type           Power        Failure   Level  Hunger
a - Magic Dart            Conj           ####         1%          1    None
b - Dazzling Spray        Conj/Hex       ####..       3%          3    None
c - Iskenderun's Mystic   Conj           #####...     4%          4    ###....
d - Force Lance           Conj/Tloc      ###.....     19%         4    ###....


Dungeon Overview and Level Annotations

Branches:
Dungeon (4/15)
 Temple: D:4-7

Altars:
Qazlal

Annotations:
D:4 Edmund; QuCean's ghost, amateur MiFi


Message History

The gnoll hits you but does no damage.
You hit the gnoll.
The gnoll is poisoned.
The gnoll is severely wounded.
The gnoll completely misses you.
QuCean's ghost lets out a mournful wail.
The gnoll completely misses you. The gnoll closely misses you.
QuCean's ghost says, "You can hit me, but you can't hurt me."
The gnoll shaman calls upon its god to heal the gnoll.
The gnoll is healed somewhat.
The gnoll barely misses you.
The gnoll shaman mumbles some strange prayers to its god against you.
You easily resist.
The gnoll looks more healthy.
The gnoll hits you with a whip.
* * * LOW HITPOINT WARNING * * *
Unknown command.
It was a potion of might.
You feel very mighty all of a sudden. The gnoll hits you with a whip.
You die...

#.#####..##
#######..........
#................
#................
#................
#................
#######..#####'########
#........#.............
#.....@..#..####'######
#....Wg..#..#..........
#........#..#..........
##.....g.'..#..########
#.......#..#..#.......
#.......#..#..#.......
#......(#..#..#.......
#.......#..#..####'###
######.......#g.#..).....))


You could see a gnoll shaman, QuCean's ghost and a gnoll.

Vanquished Creatures
  A phantom (D:4)
  2 ogres (D:4)
  3 orc priests
  4 orc wizards
  An iguana (D:4)
  4 gnolls (D:4)
  5 adders (D:2)
  3 leopard geckos
  6 orcs (D:4)
  2 giant cockroaches
  5 hobgoblins
  4 jackals (D:4)
  11 bats
  3 frilled lizards
  10 goblins
  4 kobolds
  7 rats
75 creatures vanquished.

Notes
Turn   | Place    | Note
-------+----------+-------------------------------------------
     0 | D:1      | Cecky the Deep Elf Conjurer began the quest for the Orb.
     0 | D:1      | Reached XP level 1. HP: 10/10 MP: 6/6
   322 | D:1      | Reached XP level 2. HP: 15/15 MP: 6/8
   691 | D:1      | Reached skill level 5 in Conjurations
   925 | D:2      | Found a faded altar of an unknown god.
  1008 | D:2      | Reached XP level 3. HP: 16/19 MP: 4/9
  1166 | D:2      | Learned a level 3 spell: Dazzling Spray
  1297 | D:2      | Found a stormy altar of Qazlal.
  1299 | D:2      | Noticed a water elemental
  1300 | D:2      | Noticed a fire elemental
  1300 | D:2      | Noticed an earth elemental
  1300 | D:2      | Noticed an air elemental
  1727 | D:2      | Reached XP level 4. HP: 24/24 MP: 7/11
  1749 | D:2      | Learned a level 4 spell: Iskenderun's Mystic Blast
  2656 | D:3      | Reached XP level 5. HP: 8/28 MP: 2/13
  2887 | D:4      | Noticed an ogre
  2930 | D:4      | Killed an ogre
  2930 | D:4      | Reached skill level 5 in Spellcasting
  3151 | D:4      | Reached XP level 6. HP: 32/32 MP: 5/16
  3386 | D:4      | Noticed Edmund
  3942 | D:4      | Learned a level 4 spell: Force Lance
  4076 | D:4      | Reached XP level 7. HP: 36/36 MP: 9/19
  4198 | D:4      | Noticed QuCean's ghost (amateur MiFi)
  4207 | D:4      | HP: 1/36 [gnoll/whip (6)]
  4208 | D:4      | Slain by a gnoll

Skill      XL: |  1  2  3  4  5  6 |
---------------+-------------------+-----
Conjurations   | 5 6 7 |  7.0
Spellcasting   | 4 5 7 |  7.2
Dodging        | 3 |  3.4
Hexes          | 2 |  2.9
Stealth        | |  2.6

Action                   |  1- 3 |  4- 6 |  7- 9 || total
-------------------------+-------+-------+-------++-------
Melee: Dagger            |    28 |    49 |     1 ||    78
 Cast: Magic Dart        |    51 |    38 |     6 ||    95
       Dazzling Spray    |     1 |     3 |       ||     4
       Iskenderun's Myst |       |    16 |     5 ||    21
  Use: Potion            |       |     1 |     1 ||     2
       Scroll            |       |     5 |       ||     5
 Stab: Sleeping          |       |     1 |       ||     1
  Eat: Chunk             |     2 |     5 |       ||     7
       Bread ration      |       |     2 |       ||     2
Armor: Robe              |     5 |    18 |     1 ||    24
Dodge: Dodged            |    15 |    28 |     5 ||    48
